[Event "Titled Tuesday Blitz June 6 Early 2023"]
[White "Perez, Maximiliano"]
[Black "Csonka, Balazs"]
[WhiteFideId "117234"]
[BlackFideId "742910"]
[WhiteElo "2334"]
[BlackElo "2404"]
[Result "0-1"]
[Round "10"]
[TimeControl "180+2"]
[Date "2023.06.06"]
[WhiteClock "0:00:03"]
[BlackClock "0:00:04"]
[Board "31"]

1. e4 e6 2. d3 c5 3. g3 Nc6 4. Bg2 d5 5. Nd2 Nf6 6. Ngf3 Be7 7. O-O O-O 8. Re1 b5 9. e5 Nd7 10. Nf1 Bb7 11. h4 Qc7 12. Bf4 Rfc8 13. h5 h6 14. Ne3 Qd8 15. Ng4 a5 16. Qd2 Bf8 17. c3 a4 18. a3 b4 19. c4 Na5 20. Qc2 Nb6 21. cxd5 Nxd5 22. Bd2 Nb3 23. Rad1 Ba6 24. Bc1 c4 25. dxc4 Rxc4 26. Qb1 Rac8 27. Ne3 Rxc1 28. Rxc1 Nxc1 29. Rxc1 bxa3 30. Rxc8 Qxc8 31. Nxd5 exd5 32. bxa3 Bxa3 33. Nd4 Bc4 34. Qa1 Bc5 35. Nc2 Bxf2+ 36. Kxf2 Qf5+ 37. Kg1 Qxc2 38. e6 fxe6 39. Bh3 Qe4 40. Qxa4 Qe3+ 41. Kh2 Qe2+ 42. Kg1 Kh7 43. Qe8 Qe1+ 44. Kh2 Qf2+ 45. Bg2 Qf5 46. Bh3 Qc2+ 47. Bg2 d4 48. Qc6 Kh8 49. Kh3 Qf5+ 50. g4 Qd3+ 51. Kh2 Bd5 52. Bxd5 exd5 53. Qxd5 Qd2+ 54. Kg3 Qe3+ 55. Kh4 d3 56. Qf7 Qe1+ 57. Kh3 Qe3+ 58. Kh4 Qg5+ 59. Kg3 Qe5+ 60. Kh3 Qe4 61. Qd7 Qe3+ 62. Kh4 d2 63. Qc8+ Kh7 64. Qf5+ Kg8 65. Qc8+ Kf7 66. Qf5+ Ke7 67. Qc2 Qe1+ 68. Kh3 d1=Q 69. Qc7+ Qd7 70. Qc5+ Kf7 71. Qc4+ Qee6 0-1


[Site "https://www.chess.com"]

[Event "Titled Tuesday Blitz June 6 Early 2023"]
[White "Kushko, Dmitriy"]
[Black "Bilan, Danila"]
[WhiteFideId "14162261"]
[BlackFideId "24161918"]
[WhiteElo "2230"]
[BlackElo "2146"]
[Result "1-0"]
[Round "10"]
[TimeControl "180+2"]
[Date "2023.06.06"]
[WhiteClock "0:00:21"]
[BlackClock "0:00:02"]
[Board "32"]

1. Nf3 d5 2. g3 Nf6 3. Bg2 c5 4. O-O Nc6 5. d4 Bg4 6. dxc5 e6 7. c4 Bxc5 8. Nc3 O-O 9. cxd5 Nxd5 10. Nxd5 Qxd5 11. Qxd5 exd5 12. h3 Bh5 13. Rd1 Rad8 14. Bf4 Rfe8 15. Kf1 f6 16. g4 Bg6 17. Rac1 Bb6 18. Nd2 Nd4 19. Be3 Nxe2 20. Bxb6 axb6 21. Rc7 Bd3 22. Nb3 Bc4 23. Rd2 Nf4+ 24. Kg1 Re1+ 25. Kh2 Nxg2 26. Kxg2 h5 27. gxh5 Rde8 28. Rxb7 b5 29. Nd4 R8e5 30. Nf3 Bf1+ 31. Kg3 Bc4 32. Nxe1 Rxe1 33. b3 1-0


[Site "https://www.chess.com"]

[Event "Titled Tuesday Blitz June 6 Early 2023"]
[White "Streltsov, Alexey"]
[Black "Yuan, Qingyu"]
[WhiteFideId "24104434"]
[BlackFideId "8609772"]
[WhiteElo "2569"]
[BlackElo "2359"]
[Result "0-1"]
[Round "10"]
[TimeControl "180+2"]
[Date "2023.06.06"]
[WhiteClock "0:00:17"]
[BlackClock "0:00:11"]
[Board "33"]

1. d4 Nf6 2. Nc3 d5 3. Bf4 c5 4. e3 cxd4 5. exd4 a6 6. Nf3 Nc6 7. Ne5 Bd7 8. Nxc6 Bxc6 9. Bd3 Qb6 10. Qd2 Qxb2 11. O-O e6 12. Rfb1 Qa3 13. Be5 Be7 14. Ne2 O-O 15. Rb3 Qa4 16. Ng3 Ng4 17. Bf4 g6 18. h3 Nf6 19. Bh6 Rfe8 20. Qf4 Qa5 21. h4 Rac8 22. h5 Qc7 23. Qf3 Qd8 24. hxg6 hxg6 25. Re1 Nh7 26. Re5 Bf6 27. c3 Bg7 28. Qf4 Qe7 29. Rb2 Qf6 30. Re3 Qxf4 31. Bxf4 Bf6 32. Be5 Bxe5 33. Rxe5 Nf6 34. Rbe2 Kg7 35. f4 Ng4 36. Rg5 Nf6 37. Rge5 Nd7 38. Rg5 Kf8 39. Nf1 Bb5 40. Rg3 Bxd3 41. Rxd3 Nb6 42. Rh3 Na4 43. Ree3 Rc6 44. g4 Rec8 45. Rh8+ Ke7 46. Rxc8 Rxc8 47. f5 gxf5 48. gxf5 Rxc3 49. fxe6 Rxe3 50. Nxe3 fxe6 51. Nd1 Kd6 52. Kf2 Nb6 53. Ke3 Nc4+ 54. Kd3 b5 55. Kc3 a5 56. Nf2 e5 57. dxe5+ Kxe5 58. Nd3+ Ke4 59. a4 b4+ 60. Kc2 Nb6 61. Nc5+ Ke3 62. Nb3 Nc4 63. Nxa5 Nxa5 64. Kb2 d4 65. Ka2 Ke2 66. Kb2 d3 67. Ka2 d2 68. Kb2 d1=Q 69. Ka2 Qc2+ 70. Ka1 Nb3# 0-1


[Site "https://www.chess.com"]

[Event "Titled Tuesday Blitz June 6 Early 2023"]
[White "Fus, Jakub"]
[Black "Gabdushev, Ruslan"]
[WhiteFideId "1193023"]
[BlackFideId "4137833"]
[WhiteElo "2335"]
[BlackElo "2233"]
[Result "1-0"]
[Round "10"]
[TimeControl "180+2"]
[Date "2023.06.06"]
[WhiteClock "0:00:16"]
[BlackClock "0:00:04"]
[Board "34"]

1. Nf3 Nc6 2. d4 d6 3. e4 Bg4 4. Bb5 a6 5. Bxc6+ bxc6 6. O-O e6 7. h3 Bh5 8. Qd3 Qb8 9. b3 Nf6 10. Bb2 Bg6 11. Nbd2 d5 12. Ne5 Bxe4 13. Nxe4 Nxe4 14. c4 Qb7 15. Qf3 Nf6 16. c5 Be7 17. g4 O-O 18. Rae1 Rad8 19. Qg3 Nd7 20. Nd3 Rc8 21. f4 Rfe8 22. g5 Bf8 23. h4 g6 24. h5 Bg7 25. h6 Bh8 26. Ne5 Bxe5 27. fxe5 Re7 28. Rf3 Qb4 29. Ref1 a5 30. Qf2 Rf8 31. Qc2 Ra8 32. Bc3 Qb5 33. a4 Qa6 34. Be1 Rb8 35. Qf2 Rf8 36. Qd2 Ra8 37. Qc3 Kf8 38. R1f2 Kg8 39. Bd2 Qb7 40. Qd3 Nb8 41. Qf1 Nd7 42. Rxf7 Rxf7 43. Rxf7 Rf8 44. Rxf8+ Nxf8 45. Qf6 1-0


[Site "https://www.chess.com"]

[Event "Titled Tuesday Blitz June 6 Early 2023"]
[White "Galchenko, Matvey"]
[Black "Redzisz, Michal"]
[WhiteFideId "24175480"]
[BlackFideId "21816107"]
[WhiteElo "2423"]
[BlackElo "2175"]
[Result "1-0"]
[Round "10"]
[TimeControl "180+2"]
[Date "2023.06.06"]
[WhiteClock "0:02:34"]
[BlackClock "0:00:32"]
[Board "35"]

1. f4 e5 2. fxe5 d6 3. Nf3 dxe5 4. e4 Nc6 5. Bc4 Bc5 6. Qe2 Bg4 7. c3 Nf6 8. Bxf7+ Kxf7 9. Qc4+ Kg6 10. Qxc5 Nxe4 11. Qe3 Bxf3 12. Qxf3 Nf6 13. d3 Qd7 14. O-O Rad8 15. Qg3+ Qg4 16. Rxf6+ 1-0


[Site "https://www.chess.com"]

[Event "Titled Tuesday Blitz June 6 Early 2023"]
[White "Orlov, Georgi"]
[Black "Sychev, Klementy"]
[WhiteFideId "2011271"]
[BlackFideId "4114060"]
[WhiteElo "2641"]
[BlackElo "2583"]
[Result "0-1"]
[Round "10"]
[TimeControl "180+2"]
[Date "2023.06.06"]
[WhiteClock "0:00:14"]
[BlackClock "0:00:05"]
[Board "36"]

1. d4 g6 2. Nf3 Bg7 3. e4 d6 4. Be2 Nf6 5. Nc3 O-O 6. O-O a6 7. h3 Nc6 8. Bg5 h6 9. Be3 e5 10. Qd2 Kh7 11. Rad1 exd4 12. Nxd4 Bd7 13. f4 Re8 14. Bf3 Rb8 15. Qf2 Ng8 16. Nb3 Qc8 17. g4 Be6 18. f5 Bc4 19. Rfe1 Ne5 20. Bg2 Nf6 21. Qg3 b5 22. Na5 b4 23. Nd5 Bxd5 24. exd5 gxf5 25. gxf5 Qxf5 26. Rf1 Qxc2 27. Rc1 Qxb2 28. Rxc7 Qxa2 29. Nc6 Nxc6 30. dxc6 Qb3 31. Rf3 Qb1+ 32. Bf1 Qg6 33. Bc4 d5 34. Qxg6+ Kxg6 35. Rg3+ Kh5 36. Be2+ Kh4 37. Kh2 Rxe3 38. Rxe3 Ne4 39. Rf3 Be5+ 40. Kg2 Bxc7 41. Rxf7 Rg8+ 42. Kf1 Ng3+ 43. Ke1 Nxe2 44. Rxc7 Nd4 45. Rd7 Nxc6 46. Rxd5 Rb8 47. Rc5 Ne5 48. Rxe5 b3 49. Re4+ Kxh3 50. Re3+ Kg4 51. Kf2 b2 52. Rg3+ Kf4 0-1


[Site "https://www.chess.com"]

[Event "Titled Tuesday Blitz June 6 Early 2023"]
[White "Sielecki, Christof"]
[Black "Hambleton, Aman"]
[WhiteFideId "4620437"]
[BlackFideId "2606577"]
[WhiteElo "2443"]
[BlackElo "2511"]
[Result "0-1"]
[Round "10"]
[TimeControl "180+2"]
[Date "2023.06.06"]
[WhiteClock "0:00:01"]
[BlackClock "0:00:01"]
[Board "37"]

1. e4 b6 2. d4 Bb7 3. Bd3 e6 4. Nf3 d5 5. exd5 Qxd5 6. c4 Qh5 7. Be2 Nf6 8. Nc3 Bd6 9. h3 Ne4 10. Nxe4 Bxe4 11. Ng5 Qh4 12. Nxe4 Qxe4 13. O-O c6 14. Bf3 Qh4 15. d5 cxd5 16. Bxd5 exd5 17. Re1+ Kd7 18. Qxd5 Nc6 19. Qxf7+ Ne7 20. Qe6+ Kc7 21. Be3 Qf6 22. Qe4 Rae8 23. b4 Nc6 24. Qg4 Bxb4 25. Bf4+ Bd6 26. Bg5 Qf7 27. Be3 Ne5 0-1


[Site "https://www.chess.com"]

[Event "Titled Tuesday Blitz June 6 Early 2023"]
[White "Martic, Ivan"]
[Black "Atakhan, Abtin"]
[WhiteFideId "929301"]
[BlackFideId "22502203"]
[WhiteElo "2346"]
[BlackElo "2008"]
[Result "1/2-1/2"]
[Round "10"]
[TimeControl "180+2"]
[Date "2023.06.06"]
[WhiteClock "0:00:19"]
[BlackClock "0:00:05"]
[Board "38"]

1. e4 c5 2. Nf3 d6 3. Bb5+ Bd7 4. Bxd7+ Nxd7 5. O-O Ngf6 6. Re1 e6 7. c4 Ne5 8. b3 Nd3 9. Re3 Nxc1 10. Qxc1 Be7 11. Nc3 a6 12. d4 cxd4 13. Nxd4 Qb6 14. Qd1 O-O 15. h3 Rac8 16. Qd3 Nd7 17. Rd1 Bg5 18. Re2 Bf6 19. Na4 Qa5 20. Nf3 Rfd8 21. Qd2 Qxd2 22. Rexd2 b5 23. Rxd6 bxa4 24. Rxd7 Rxd7 25. Rxd7 axb3 26. axb3 Kf8 27. e5 Be7 28. Rb7 a5 29. Kf1 g6 30. h4 a4 31. bxa4 Rxc4 32. a5 Ra4 33. Rb8+ Kg7 34. Rb7 Bd8 35. Rd7 Bxh4 36. Nxh4 Rxh4 37. a6 Ra4 38. a7 g5 39. g4 Kg6 40. Ke2 h6 41. Kd3 f5 42. exf6 Kxf6 43. Kc3 Ke5 44. Kb3 Ra1 45. Kb4 Kf4 46. Kb5 e5 47. Kb6 Kxg4 48. Rd8 h5 49. a8=Q Rxa8 50. Rxa8 h4 51. Kc5 h3 52. Kd5 Kf3 53. Rh8 g4 54. Kxe5 Kxf2 55. Kf4 Kg2 56. Kxg4 h2 57. Ra8 h1=Q 58. Ra2+ Kg1 59. Ra1+ Kg2 60. Ra2+ Kg1 61. Ra1+ Kg2 62. Rxh1 Kxh1 1/2-1/2


[Site "https://www.chess.com"]

[Event "Titled Tuesday Blitz June 6 Early 2023"]
[White "Iskusnyh, Sergei"]
[Black "Tejedor Fuente, Enrique"]
[WhiteFideId "4120027"]
[BlackFideId "2299100"]
[WhiteElo "2492"]
[BlackElo "2496"]
[Result "1-0"]
[Round "10"]
[TimeControl "180+2"]
[Date "2023.06.06"]
[WhiteClock "0:00:12"]
[BlackClock "0:00:01"]
[Board "39"]

1. d4 Nf6 2. c4 d6 3. Nf3 g6 4. g3 Bg7 5. Bg2 O-O 6. Nc3 c6 7. O-O a6 8. e4 b5 9. e5 Nfd7 10. Qe2 bxc4 11. Qxc4 Nb6 12. Qe2 a5 13. Re1 Bg4 14. h3 Bxf3 15. Bxf3 d5 16. Bg5 h6 17. Bf4 e6 18. h4 N8d7 19. Rac1 a4 20. Rc2 Kh7 21. Qd3 c5 22. Nb5 Nc4 23. b3 axb3 24. axb3 Na3 25. Nxa3 Rxa3 26. dxc5 Qb8 27. Rc3 Nxe5 28. Qc2 Nxf3+ 29. Rxf3 e5 30. Bc1 Ra1 31. h5 e4 32. hxg6+ fxg6 33. Rxf8 Qxf8 34. c6 Qb4 35. Rd1 Qf8 36. c7 Ra8 37. Rxd5 e3 38. Bxe3 Qf3 39. Rd1 Rc8 40. Rc1 Be5 41. Qc6 Qf7 42. Qb7 Qd7 43. b4 h5 44. b5 h4 45. Qh1 Rxc7 46. Qxh4+ Kg8 47. Rxc7 Qxc7 48. Qe4 Qd6 49. Qc6 Qd1+ 50. Kg2 Bg7 51. b6 g5 52. b7 Be5 53. Qe6+ Kh7 54. Qxe5 g4 55. Qe4+ Kg7 56. b8=Q Qd7 57. Qd4+ Kg6 58. Qxd7 Kh5 59. Qh8+ 1-0


[Site "https://www.chess.com"]

[Event "Titled Tuesday Blitz June 6 Early 2023"]
[White "Gontcharov, Vladislav"]
[Black "qx4z"]
[WhiteFideId "4123492"]
[WhiteElo "2420"]
[BlackElo "2752"]
[Result "0-1"]
[Round "10"]
[TimeControl "180+2"]
[Date "2023.06.06"]
[WhiteClock "0:00:01"]
[BlackClock "0:00:16"]
[Board "40"]

1. d4 Nf6 2. c4 g6 3. Nc3 d5 4. Nf3 Bg7 5. Bg5 Ne4 6. cxd5 Nxg5 7. Nxg5 e6 8. Nf3 exd5 9. e3 O-O 10. Be2 c6 11. O-O Nd7 12. b4 Re8 13. b5 Nf6 14. bxc6 bxc6 15. Rc1 Bf8 16. Ne5 Bd7 17. Na4 Rc8 18. Nc5 Bf5 19. Qa4 Qd6 20. Qxa7 Ra8 21. Qb7 Rxa2 22. Bf3 Rxe5 23. dxe5 Qxe5 24. Qxc6 Bd6 25. g3 Bh3 26. Bg2 Bxg2 27. Kxg2 Kg7 28. Nd7 Qe4+ 29. Kg1 Ng4 30. Qc3+ Be5 31. Nxe5 Nxe5 32. f3 Qf5 33. g4 Qf6 34. Qd4 Kh6 35. Qf4+ Qxf4 36. exf4 Nd3 37. Ra1 Re2 38. Rfd1 Nxf4 39. Ra4 g5 0-1


[Site "https://www.chess.com"]

[Event "Titled Tuesday Blitz June 6 Early 2023"]
[White "Malyi, Viacheslav"]
[Black "splendidkid"]
[WhiteFideId "14123983"]
[WhiteElo "2291"]
[BlackElo "2747"]
[Result "0-1"]
[Round "10"]
[TimeControl "180+2"]
[Date "2023.06.06"]
[WhiteClock "0:01:44"]
[BlackClock "0:01:35"]
[Board "41"]

1. e4 c5 2. Nf3 d6 3. d4 cxd4 4. Nxd4 Nf6 5. Nc3 a6 6. Bg5 e6 7. f4 Be7 8. Qf3 Qc7 9. O-O-O Nbd7 10. Bd3 b5 11. e5 Bb7 12. Qh3 dxe5 13. Nxe6 fxe6 14. Qxe6 Nc5 15. Qh3 Nxd3+ 16. Rxd3 e4 17. Rd2 b4 18. Na4 O-O 19. Qe6+ Kh8 20. Nb6 Rae8 21. Nd7 e3 22. Rd3 e2 23. Re1 Nxd7 24. Rxd7 Bxg5 25. fxg5 Qf4+ 0-1


[Site "https://www.chess.com"]

[Event "Titled Tuesday Blitz June 6 Early 2023"]
[White "Quintiliano Pinto, Renato R."]
[Black "Omelja, Artem"]
[WhiteFideId "2117568"]
[BlackFideId "14119846"]
[WhiteElo "2459"]
[BlackElo "2404"]
[Result "1-0"]
[Round "10"]
[TimeControl "180+2"]
[Date "2023.06.06"]
[WhiteClock "0:00:22"]
[BlackClock "0:00:03"]
[Board "42"]

1. d4 Nf6 2. c4 e6 3. Nf3 b6 4. e3 Bb7 5. Bd3 Be7 6. O-O O-O 7. b3 c5 8. Bb2 d5 9. cxd5 Nxd5 10. dxc5 Bxc5 11. a3 Nd7 12. Nbd2 N7f6 13. Qb1 h6 14. b4 Be7 15. Rd1 Rc8 16. Ne4 Qe8 17. Be5 Nxe4 18. Bxe4 Qa4 19. Qb2 f6 20. Bd4 Rfd8 21. Qa2 Qc6 22. Qd2 Ba6 23. Rac1 Qa4 24. Qb2 Rc4 25. Rxc4 Bxc4 26. Bc2 Qa6 27. Bb1 Rc8 28. h4 Be2 29. Rc1 Rxc1+ 30. Qxc1 Qc4 31. Qxc4 Bxc4 32. Nd2 Ba6 33. g3 Kf8 34. e4 Nc7 35. f3 e5 36. Bb2 Bb5 37. Kf2 a5 38. bxa5 bxa5 39. Nb3 a4 40. Nd2 Bc5+ 41. Kg2 Ne6 42. Ba2 Nd4 43. Bc4 Bc6 44. Bd3 Ke7 45. Nc4 Be8 46. f4 exf4 47. gxf4 Bf7 48. Ne3 g6 49. h5 Nb3 50. hxg6 Bxg6 51. Nd5+ Kd6 52. Nxf6 Bf7 53. e5+ Ke7 54. Ne4 Be3 55. Kf3 Bb6 56. f5 Bh5+ 57. Kf4 Bd1 58. f6+ Kf8 59. Bc4 Bc7 60. Kf5 Bc2 61. e6 Nc5 62. e7+ Ke8 63. Bb5+ Nd7 64. Ke6 Bb3+ 65. Kf5 Bc2 66. Bc6 Bb8 67. Ke6 Bb3+ 68. Bd5 Bxd5+ 69. Kxd5 Kf7 70. Kc6 Ne5+ 71. Bxe5 Bxe5 72. Kd7 1-0


[Site "https://www.chess.com"]

[Event "Titled Tuesday Blitz June 6 Early 2023"]
[White "Samunenkov, Ihor"]
[Black "Chylewski, Patryk"]
[WhiteFideId "14187086"]
[BlackFideId "1186191"]
[WhiteElo "2457"]
[BlackElo "2163"]
[Result "1-0"]
[Round "10"]
[TimeControl "180+2"]
[Date "2023.06.06"]
[WhiteClock "0:02:01"]
[BlackClock "0:01:55"]
[Board "43"]

1. d4 d5 2. c4 dxc4 3. Nf3 Nf6 4. e3 e6 5. Bxc4 c5 6. O-O a6 7. Be2 Nc6 8. dxc5 Qxd1 9. Rxd1 Bxc5 10. Nfd2 Ke7 11. Nb3 Bb6 12. Nc3 Bc7 13. Bd2 b5 14. Bf3 Bb7 15. Nc5 b4 16. N3a4 Na5 17. Nxb7 1-0


[Site "https://www.chess.com"]

[Event "Titled Tuesday Blitz June 6 Early 2023"]
[White "De La Colina, Nicolas"]
[Black "Hajiyev, Kanan"]
[WhiteFideId "30946921"]
[BlackFideId "13404148"]
[WhiteElo "2046"]
[BlackElo "2115"]
[Result "1-0"]
[Round "10"]
[TimeControl "180+2"]
[Date "2023.06.06"]
[WhiteClock "0:00:11"]
[BlackClock "0:00:03"]
[Board "44"]

1. e4 c6 2. d4 d5 3. exd5 cxd5 4. Bf4 Nc6 5. c3 Bf5 6. Nf3 e6 7. Ne5 Nxe5 8. Bxe5 Ne7 9. Bb5+ Nc6 10. Qa4 Qb6 11. Nd2 a6 12. Bxc6+ Qxc6 13. Qb3 f6 14. Bg3 Bd3 15. f3 Bd6 16. Kf2 O-O 17. Rhe1 b5 18. Re3 Bf5 19. Nf1 Rfe8 20. Rae1 Bf8 21. Kg1 a5 22. Bf2 a4 23. Qd1 b4 24. Ng3 Bg6 25. Ne2 a3 26. b3 Rac8 27. Qd2 Qb6 28. Rc1 bxc3 29. Nxc3 Bb4 30. Qe2 Qxd4 31. Rxe6 Qf4 32. Rxe8+ Rxe8 33. Qd1 Bf7 34. Rc2 Rd8 35. Ne2 Qe5 36. Nd4 Bd6 37. Bg3 Qe8 38. Bxd6 Rxd6 39. Re2 Qd7 40. Qd2 g6 41. Kf2 Kg7 42. Qe3 Ra6 43. Qe7 Rd6 44. Qxd7 Rxd7 45. Rc2 f5 46. Rc5 Ra7 47. g3 Kf6 48. f4 Ke7 49. Ke3 Kd6 50. Rc2 Kd7 51. Kd3 Rc7 52. Rxc7+ Kxc7 53. Nb5+ Kc6 54. Nxa3 Kc5 55. Nc2 Be8 56. a3 Bb5+ 57. Kc3 Bf1 58. Nd4 Kd6 59. b4 Ba6 60. a4 Bc4 61. Nf3 h6 62. Kd4 g5 63. fxg5 hxg5 64. Nxg5 Bb3 65. a5 Bc4 66. Nh3 Kc6 67. Nf4 Kb5 68. Nxd5 Bf1 69. Ne3 Bh3 70. Nd5 Bg2 71. Ke5 Bh3 72. Kf4 Bg2 73. Ne3 Bh3 74. Nxf5 Kxb4 75. a6 Bg2 76. Ne3 Bh1 77. g4 Kb5 78. g5 Kb6 79. g6 1-0


[Site "https://www.chess.com"]

[Event "Titled Tuesday Blitz June 6 Early 2023"]
[White "Begmuratov, Alisher"]
[Black "Chernomordik, Pavel"]
[WhiteFideId "14203367"]
[BlackFideId "2804530"]
[WhiteElo "2387"]
[BlackElo "2193"]
[Result "1-0"]
[Round "10"]
[TimeControl "180+2"]
[Date "2023.06.06"]
[WhiteClock "0:00:55"]
[BlackClock "0:00:21"]
[Board "45"]

1. c4 g6 2. Nf3 Bg7 3. d4 d6 4. b3 Nf6 5. Bb2 O-O 6. g3 c6 7. Bg2 a6 8. O-O b5 9. Nbd2 Nbd7 10. Re1 Nb6 11. Rc1 Nfd7 12. e4 c5 13. Qc2 Bb7 14. dxc5 Nxc5 15. Bxg7 Kxg7 16. Nd4 Rc8 17. b4 Ncd7 18. Qb2 e5 19. N4b3 bxc4 20. Na5 Ba8 21. Ndxc4 d5 22. Nxb6 Nxb6 23. Qxe5+ f6 24. Qe6 Rxc1 25. Rxc1 Re8 26. Rc7+ Qxc7 27. Qxe8 Qc1+ 28. Bf1 dxe4 29. Qe7+ Kg8 30. Qd8+ Kg7 31. Qxb6 Bd5 32. Qa7+ Kh6 33. Qe3+ Qxe3 34. fxe3 Bxa2 35. Bxa6 1-0


[Site "https://www.chess.com"]

[Event "Titled Tuesday Blitz June 6 Early 2023"]
[White "Devaev, Alexander"]
[Black "Kashlinskaya, Alina"]
[WhiteFideId "4169395"]
[BlackFideId "4198026"]
[WhiteElo "2172"]
[BlackElo "2383"]
[Result "1-0"]
[Round "10"]
[TimeControl "180+2"]
[Date "2023.06.06"]
[WhiteClock "0:00:10"]
[BlackClock "0:00:26"]
[Board "46"]

1. Nf3 Nf6 2. c4 g6 3. Nc3 Bg7 4. e4 d6 5. d4 O-O 6. h3 e5 7. d5 a5 8. Bg5 h6 9. Be3 Na6 10. g4 Nc5 11. Nd2 c6 12. Be2 Bd7 13. f3 cxd5 14. cxd5 a4 15. Nc4 Ne8 16. Na3 Nc7 17. Qd2 N7a6 18. h4 Kh7 19. h5 g5 20. O-O Bf6 21. Bb5 Qb8 22. Bxc5 Nxc5 23. Bxd7 Nxd7 24. Qd3 Bd8 25. Qb5 Nc5 26. Nc4 Bc7 27. Kh1 Ra6 28. Rac1 Nd3 29. Rcd1 Nf4 30. Nxa4 Qa7 31. b3 Qb8 32. Rd2 Ra8 33. Rc1 Qa7 34. Kh2 Rac8 35. Rcc2 Rfd8 36. Rc3 Ba5 37. Qxa5 Qb8 38. Qb5 Rc7 39. Ncb6 Rxc3 40. Nxc3 Qc7 41. Nc4 Ra8 42. a4 Rc8 43. Ne2 Qb8 44. Nxf4 gxf4 45. Kg2 Rd8 46. Qb6 Qc8 47. Qf2 Qd7 48. Kh2 Qe7 49. Kh3 Rc8 50. Qh4 Qd7 51. Nb6 Qc7 52. Nxc8 Qc1 53. Qf2 Qh1+ 54. Qh2 Qxf3+ 55. Kh4 Qe3 56. Nxd6 f3 57. Nxf7 Qxe4 58. Qxe5 1-0


[Site "https://www.chess.com"]

[Event "Titled Tuesday Blitz June 6 Early 2023"]
[White "Marcziter, Dmitrii"]
[Black "Jeet, Jain"]
[WhiteFideId "13900765"]
[BlackFideId "5073022"]
[WhiteElo "2162"]
[BlackElo "2067"]
[Result "1-0"]
[Round "10"]
[TimeControl "180+2"]
[Date "2023.06.06"]
[WhiteClock "0:00:18"]
[BlackClock "0:00:02"]
[Board "47"]

1. d4 c6 2. c4 d5 3. Nf3 Nf6 4. Nc3 e6 5. e3 Be7 6. Qc2 O-O 7. g4 a6 8. g5 Nfd7 9. h4 dxc4 10. Bxc4 b5 11. Bd3 c5 12. Bxh7+ Kh8 13. Be4 Ra7 14. Qe2 f5 15. gxf6 Nxf6 16. Ne5 Kg8 17. Bg6 cxd4 18. exd4 Nbd7 19. Nc6 Qc7 20. Nxe7+ Kh8 21. Nxc8 Rxc8 22. Be3 b4 23. Ne4 Qb7 24. f3 b3 25. axb3 Qxb3 26. O-O Nd5 27. Nc3 Nxc3 28. bxc3 Rxc3 29. Rac1 Rac7 30. Rxc3 Rxc3 31. Bf4 Nf8 32. Be4 Qb4 33. Be5 Nd7 34. f4 Nxe5 35. Qh5+ Kg8 36. Qxe5 Rg3+ 37. Kh2 Qb3 38. Bg2 Rg6 39. f5 1-0


[Site "https://www.chess.com"]

[Event "Titled Tuesday Blitz June 6 Early 2023"]
[White "Koshulyan, Egor A."]
[Black "Goffredo_Fofi"]
[WhiteFideId "24237000"]
[WhiteElo "2216"]
[BlackElo "2504"]
[Result "1-0"]
[Round "10"]
[TimeControl "180+2"]
[Date "2023.06.06"]
[WhiteClock "0:00:33"]
[BlackClock "0:00:05"]
[Board "48"]

1. e4 Nf6 2. e5 Nd5 3. c4 Nb6 4. c5 Nd5 5. Bc4 e6 6. d4 b6 7. cxb6 axb6 8. Nf3 Be7 9. O-O Ba6 10. Nbd2 Bxc4 11. Nxc4 O-O 12. Ncd2 Nc6 13. Ne4 f5 14. exf6 Nxf6 15. Ng3 Ra5 16. Bd2 Bb4 17. Bg5 h6 18. Bc1 Bd6 19. a3 Rf7 20. Bd2 Rd5 21. Be3 Ng4 22. Qe2 h5 23. h3 Nxe3 24. Qxe3 Bf4 25. Qe4 Bd6 26. Rae1 Qf6 27. Rd1 h4 28. Ne2 g5 29. Nc3 Rf5 30. d5 Ne5 31. Nxe5 Rxe5 32. Qg4 Qf4 33. dxe6 dxe6 34. Qxf4 Rxf4 35. Rd3 Kf7 36. f3 Bc5+ 37. Kh2 Rd4 38. Rfd1 Rxd3 39. Rxd3 Bd6 40. Kg1 Re1+ 41. Kf2 Rc1 42. Ne4 Bf4 43. Rc3 Rxc3 44. Nxc3 Ke7 45. Ke2 Bc1 46. Nd1 Kd6 47. Kd3 Ke5 48. Kc2 Bf4 49. Nf2 Kd4 50. Ne4 Ke3 51. b4 Ke2 52. a4 Kf1 53. a5 bxa5 54. bxa5 Be3 55. Kd3 Ba7 56. Nxg5 Kxg2 57. Ke4 c5 58. f4 c4 59. a6 Kg3 60. Nxe6 Kxh3 61. f5 Kg3 62. Ng5 c3 63. Kd3 Kg4 64. f6 Kxg5 65. f7 h3 66. f8=Q h2 67. Qg7+ Kf4 68. Qc7+ Kf3 69. Qxh2 1-0


[Site "https://www.chess.com"]

[Event "Titled Tuesday Blitz June 6 Early 2023"]
[White "Ashraf, Artin"]
[Black "Pinheiro, Iung Alicio de O."]
[WhiteFideId "22514805"]
[BlackFideId "2104350"]
[WhiteElo "2224"]
[BlackElo "2283"]
[Result "1-0"]
[Round "10"]
[TimeControl "180+2"]
[Date "2023.06.06"]
[WhiteClock "0:00:22"]
[BlackClock "0:00:05"]
[Board "49"]

1. d4 Nf6 2. Nc3 d5 3. Bf4 g6 4. Nb5 Na6 5. e3 Bg7 6. Be2 O-O 7. Nf3 Bf5 8. h3 Be4 9. O-O Nd7 10. Nd2 Bf5 11. c4 e5 12. dxe5 Nxe5 13. cxd5 Qxd5 14. e4 Bxe4 15. Nc3 Qe6 16. Ndxe4 Rad8 17. Qa4 Nd3 18. Bxd3 Rxd3 19. Rfe1 Qd7 20. Qxd7 Rxd7 21. Rad1 Rfd8 22. Rxd7 Rxd7 23. Rd1 Rxd1+ 24. Nxd1 h6 25. a3 f5 26. Nec3 c6 27. Ne3 Nc5 28. Bb8 a6 29. Nc4 Nd3 30. Nd1 b5 31. Na5 c5 32. b3 Kf7 33. Kf1 Ke6 34. Ke2 Nf4+ 35. Bxf4 g5 36. Be3 Kd5 37. Nc3+ Bxc3 38. Nb7 c4 39. bxc4+ Kxc4 40. Nd6+ Kb3 41. Nxf5 Kxa3 42. Kd3 Bf6 43. Nxh6 a5 44. Nf7 b4 45. Nxg5 b3 46. Ne4 Bh8 47. Nd2 a4 48. h4 Ka2 49. g4 a3 50. g5 b2 51. Kc2 Ka1 52. Bc5 1-0


[Site "https://www.chess.com"]

[Event "Titled Tuesday Blitz June 6 Early 2023"]
[White "Belov, Alexei"]
[Black "Andreev, Konstantin"]
[WhiteFideId "4128206"]
[BlackFideId "24239305"]
[WhiteElo "2629"]
[BlackElo "2106"]
[Result "1-0"]
[Round "10"]
[TimeControl "180+2"]
[Date "2023.06.06"]
[WhiteClock "0:00:10"]
[BlackClock "0:00:01"]
[Board "50"]

1. e4 c5 2. Nf3 e6 3. d4 cxd4 4. Nxd4 Nc6 5. Nc3 Qc7 6. Be2 a6 7. O-O Nf6 8. a4 Be7 9. Be3 O-O 10. f4 d6 11. Kh1 Bd7 12. Nb3 Na5 13. e5 dxe5 14. fxe5 Nd5 15. Nxd5 exd5 16. Nxa5 Qxa5 17. c4 Be6 18. cxd5 Bxd5 19. Bd4 Rad8 20. Bc3 Qb6 21. Qe1 Qg6 22. Bf3 Bc4 23. Rf2 Bc5 24. Rd2 Qg5 25. Rxd8 Rxd8 26. Bxb7 h5 27. Rd1 Rxd1 28. Qxd1 h4 29. h3 Be3 30. b3 Be6 31. Bxa6 Bf4 32. Bc4 Qg3 33. Qg1 Bxc4 34. bxc4 Qxc3 35. e6 fxe6 36. Qf1 Bd6 37. Qd1 Qe5 38. Kg1 Bc5+ 39. Kf1 Qd4 40. Qe2 Qa1+ 41. Qe1 Qxe1+ 42. Kxe1 Kf7 43. Ke2 Ke7 44. Kf3 Kd6 45. Ke4 Bg1 46. a5 Ba7 47. a6 Bb6 48. Kf4 Ba7 49. Kg5 Bf2 50. Kf4 Bb6 51. Ke4 g6 52. Kf4 Kc5 53. Ke5 Kxc4 54. Kxe6 Kd4 55. Kf6 Ke4 56. Kg5 Bd8+ 57. Kxg6 Bb6 58. Kh5 Kf5 59. Kxh4 1-0


[Site "https://www.chess.com"]

[Event "Titled Tuesday Blitz June 6 Early 2023"]
[White "Fiorito, Joaquin"]
[Black "Orujov2008"]
[WhiteFideId "180173"]
[WhiteElo "2199"]
[BlackElo "2497"]
[Result "1-0"]
[Round "10"]
[TimeControl "180+2"]
[Date "2023.06.06"]
[WhiteClock "0:01:41"]
[BlackClock "0:00:39"]
[Board "51"]

1. d4 Nf6 2. c4 e6 3. Nc3 Bb4 4. e3 O-O 5. Bd2 d5 6. Nf3 c5 7. a3 Ba5 8. dxc5 Nbd7 9. b4 Bc7 10. Be2 Ne5 11. Nxe5 Bxe5 12. O-O d4 13. exd4 Bxd4 14. Qc2 e5 15. Rad1 Be6 16. Nb5 Qe7 17. Bf3 Rfd8 18. Rfe1 Rac8 19. Nxa7 Ra8 20. Nb5 g6 21. Bg5 Rac8 22. Qc1 b6 23. Nxd4 exd4 24. Qf4 Kg7 25. cxb6 Rxc4 26. b7 d3 27. Qxc4 1-0


[Site "https://www.chess.com"]